 Dungeon Crawl Stone Soup version 0.25.1-2-g60ff931df9 (webtiles) character file.

Game seed: 17976697830675872754

21 raphialitos the Gusty (level 2, -2/20 HPs)
             Began as a Demigod Air Elementalist on Oct 14, 2020.
             Slain by a quokka (3 damage)
             ... on level 2 of the Dungeon.
             The game lasted 00:01:58 (664 turns).

raphialitos the Gusty (Demigod Air Elementalist)     Turns: 664, Time: 00:01:59

Health: -2/20      AC:  2    Str: 11    XL:     2   Next: 45%
Magic:  3/7        EV: 12    Int: 19    God:
Gold:   76         SH:  0    Dex: 16    Spells: 2/5 levels left

rFire    . . .     SeeInvis .   h - +0 club
rCold    . . .     Gourm    .   (no shield)
rNeg     . . .     Faith    .   a - +0 robe
rPois    .         Spirit   .   (no helmet)
rElec    .         Reflect  .   (no cloak)
rCorr    .         Harm     .   (no gloves)
MR       .....                  (no boots)
Stlth    ++........             (no amulet)
HPRegen  0.06/turn              (no ring)
MPRegen  0.10/turn              (no ring)

@: sluggish, very slow
A: high mp 1
a: no special abilities


You were on level 2 of the Dungeon.
You were not hungry.

You visited 1 branch of the dungeon, and saw 2 of its levels.

You collected 76 gold pieces.

Inventory:

Hand Weapons
 h - a +0 club (weapon)
Armour
 a - a +0 robe (worn)
Scrolls
 b - a scroll of enchant weapon {unknown}
 d - a scroll of amnesia {unknown}
 e - a scroll of teleportation {unknown}
 f - a scroll of blinking {unknown}
 g - 3 scrolls of remove curse {unknown}
Comestibles
 c - 2 rations
 i - 3 chunks of flesh


   Skills:
 + Level 0.1 Maces & Flails
 + Level 1.8 Dodging
 + Level 1.8 Stealth
 + Level 2.0 Spellcasting
 + Level 1.0 Conjurations
 + Level 3.3 Air Magic


You had 2 spell levels left.
You knew the following spells:

 Your Spells              Type           Power        Failure   Level  Hunger
a - Shock                 Conj/Air       ##..         7%          1    #......
b - Swiftness             Chrm/Air       #.......     13%         2    ###....

Your spell library contained the following spells:

 Spells                   Type           Power        Failure   Level  Hunger
 Static Discharge         Conj/Air       ##......     21%         3    ###....
 Airstrike                Air            ##........   41%         4    #####..
 Lightning Bolt           Conj/Air       ##........   88%         5    ######.


Dungeon Overview and Level Annotations

Branches:
Dungeon (2/15)


Innate Abilities, Weirdness & Mutations

You have an increased reservoir of magic. (+10% MP)


Message History

Casting: Swiftness (safe; 13% risk of failure)
Confirm with . or Enter, or press ? or * to list all spells.
Aiming: Shock (safe; 7% risk of failure)
Press: ? - help, Shift-Dir - straight line The zap hits the hobgoblin.
You kill the hobgoblin!
The frilled lizard misses you. The quokka barely misses you.
Casting: Shock (safe; 7% risk of failure)
Confirm with . or Enter, or press ? or * to list all spells.
Aiming: Shock (safe; 7% risk of failure)
Press: ? - help, Shift-Dir - straight line The zap misses the frilled lizard.
The zap hits the frilled lizard.
You kill the frilled lizard!
You start to feel a little faster.
The quokka barely misses you. The quokka completely misses you.
Found 16 gold pieces.
You see here a frilled lizard corpse.
You butcher the frilled lizard corpse.
The quokka bites you.
You die...

.. #.... #.#..
#.#.# #...# .
...# .# #.###.#
#.@..#
###.####r...#
.......<....#
###.............
#####$........
#.###.#### #.#
.# #.# $# #.#


You could see a quokka.

Vanquished Creatures
  An ooze (D:1)
  A dart slug (D:1)
  2 giant cockroaches (D:1)
  A goblin (D:1)
  4 hobgoblins
  A jackal (D:1)
  2 frilled lizards
  2 rats (D:1)
14 creatures vanquished.

Notes
Turn   | Place    | Note
-------+----------+-------------------------------------------
     0 | D:1      | raphialitos the Demigod Air Elementalist began the quest
                  | for the Orb.
     0 | D:1      | Reached XP level 1. HP: 14/14 MP: 5/5
   242 | D:1      | Reached skill level 3 in Air Magic
   359 | D:1      | Reached XP level 2. HP: 14/20 MP: 1/7
   363 | D:1      | Learned a level 2 spell: Swiftness
   512 | D:1      | Reached skill level 1 in Conjurations
   660 | D:2      | HP: 1/20 [quokka (1)]
   664 | D:2      | Slain by a quokka

Illustrated notes

Levels and vault maps discovered:
D:1:      dpeg_arrival_circle_labyrinth_c, layout_rooms, hex_tiny
D:2:      layout_loops_ring, grunt_temple_overflow_forces_of_nature,
          nicolae_overflow_crystal_walls, first_ration, minivault_24,
          trog_butcher_becter

Skill      XL: |  1  2 |
---------------+-------+-----
Air Magic      | 3 |  3.3
Spellcasting   | 2 |  2.0
Conjurations   | 1 |  1.0
Maces & Flails | |  0.1
Dodging        | |  1.8
Stealth        | |  1.8

Action                   || total
-------------------------++-------
Melee: Club              ||    21
       Unarmed           ||     2
 Cast: Shock             ||    26
       Swiftness         ||     1
 Stab: Sleeping          ||     1
Armor: Robe              ||     8
Dodge: Dodged            ||    26
